 Dungeon Crawl Stone Soup version 0.31-a0-819-gf6de2f5ab6 (webtiles) character file.

Game seed: 11869472749855303270

15474 qw the Skirmisher (level 12, 0/77 HPs)
             Began as a Gargoyle Hunter on Sept 23, 2023.
             Was an Elder of Okawaru.
             Slain by a merfolk
             ... wielding a +0 trident
              (5 damage)
             ... on level 3 of the Lair of Beasts.
             The game lasted 00:05:16 (8763 turns).

qw the Skirmisher (Gargoyle Hunter)                 Turns: 8763, Time: 00:05:16

Health: 0/77       AC: 24    Str: 15    XL:     12   Next: 27%
Magic:  18/18      EV: 12    Int: 11    God:    Okawaru [****..]
Gold:   413        SH:  0    Dex: 17    Spells: 11/11 levels left

rFire   . . .        Y - +1 orcbow
rCold   . . .        (shield currently unavailable)
rNeg    + . .        c - +0 swamp dragon scales
rPois   inf          a - +0 helmet
rElec   +            b - +0 cloak
rCorr   .            j - +1 pair of gloves
SInv    .            d - +0 pair of boots
Will    .....        l - amulet of regeneration
Stlth   +            (no ring)
HPRegen 1.12/turn    (no ring)
MPRegen 0.16/turn

%: no passive effects
@: about to teleport
A: sickness immunity, AC +8, negative energy resistance 1, electricity
resistance, torment resistance 1, petrification resistance
a: Renounce Religion, Heroism, Finesse


You were on level 3 of the Lair of Beasts.
You worshipped Okawaru.
Okawaru was greatly pleased with you.
You visited 3 branches of the dungeon, and saw 12 of its levels.

You collected 517 gold pieces.
You spent 104 gold pieces at shops.


Innate Abilities, Weirdness & Mutations

You are immune to sickness and miasma.
Your stone body is resilient. (AC +8)
You are immune to poison.
You resist negative energy. (rN+)
You are resistant to electric shocks. (rElec)
You are resistant to unholy torment.
You are immune to petrification.


   Skills:
 - Level 10.0 Fighting
 + Level 14.2 Ranged Weapons
 - Level 7.0 Armour
 - Level 4.2 Dodging
 - Level 1.1 Stealth
 + Level 8.2 Invocations


You had 11 spell levels left.
You didn't know any spells.
Your spell library was empty.

Inventory:

Hand Weapons
 Y - a +1 orcbow (weapon)
Armour
 a - a +0 helmet (worn)
 b - a +0 cloak (worn)
 c - +0 swamp dragon scales (worn)
 d - a +0 pair of boots (worn)
 j - a +1 pair of gloves (worn)
Jewellery
 l - an amulet of regeneration (around neck)
 o - a ring of ice
Scrolls
 g - a scroll of identify
Potions
 e - 3 potions of enlightenment
 f - 5 potions of curing
 i - a potion of haste
 k - a potion of cancellation

Dungeon Overview and Level Annotations

Branches:
Dungeon (8/15)             Temple (1/1) D:4            Lair (3/5) D:8
 Spider (0/4) Lair:2
  Swamp: Lair:2-3    Shoals: Lair:2-3

Altars:
Ashenzari
Cheibriados
Dithmenos
Elyvilon
Fedhas
Gozag
Hepliaklqana
Kikubaaqudgha
Makhleb
Okawaru
Qazlal
Ru
Sif Muna
Trog
Uskayaw
Vehumet
Wu Jian
Xom
The Shining One

Shops:
D:8 ?


Message History

You are no longer entranced.
The blink frog hits you!
The blink frog blinks!
The merfolk barely misses you.
A wolf comes into view.
The merfolk closely misses you.
Enter note:
8760 |||
Found retreat position at 4,3 (floor) with 0 blocking monsters and 3 monsters attacking at destination at distance 4
8760 ||| Stepping ~*~*~tactically~*~*~ (retreating).
The wolf bites you but does no damage. The merfolk completely misses you.
The merfolk closely misses you. The wolf bites you but does no damage.
The merfolk hits you but does no damage.
Enter note:
8761 |||
Found retreat position at 1,3 (blink frog; floor) with 0 blocking monsters and 4 monsters attacking at destination at distance 3
8761 ||| Stepping ~*~*~tactically~*~*~ (retreating).
The merfolk hits you but does no damage.
The merfolk hits you from afar with a +0 trident!
The wolf bites you but does no damage.
The merfolk hits you from afar with a +2 trident of freezing!
The merfolk freezes you.
A wolf comes into view.
The blink frog hits you but does no damage.
A polar bear comes into view.
A basilisk comes into view.
Enter note:
8762 |||
Found retreat position at 4,2 (floor) with 0 blocking monsters and 3 monsters attacking at destination at distance 4
8762 ||| Stepping ~*~*~tactically~*~*~ (retreating).
The merfolk hits you but does no damage.
The wolf misses you. The bullfrog hits you. The merfolk barely misses you.
A wolf comes into view.
The blink frog barely misses you.
The merfolk hits you from afar with a +2 trident of freezing!!
The merfolk freezes you.
Enter note:
8763 |||
Found retreat position at 3,2 (floor) with 0 blocking monsters and 3 monsters attacking at destination at distance 3
8763 ||| READING scroll of teleportation.
As you read the scroll of teleportation, it crumbles to dust.
You feel strangely unstable.
The sentinel's mark upon you fades away.
The wolf bites you but does no damage. The bullfrog misses you.
The blink frog blinks!
The merfolk misses you. The merfolk hits you with a +0 trident.
You die...

.......F...........
...................
..h.......).?.....
#........
#h#.......#..###.
........####h##......# ..#
........##....#.....##PP.#
#......##.hm#.............
#......#.hFmm......P.#..
#P #......##.@m#.......##
##......##.F.%#.....##
......%..###l#........#
.......<####.##........
............%...........
.............%.F...ยค....
.......................
......................
.....................


You could see 3 merfolk, a polar bear, a merfolk siren, a basilisk, a blink
frog, 4 wolves and a bullfrog.

Vanquished Creatures
  Pikel (D:6)
  A faun (Lair:1)
  12 elephants
  A black mamba (Lair:1)
  Maggie (D:7)
  A torpor snail (Lair:2)
  3 cane toads (Lair:1)
  2 komodo dragons (Lair:2)
  A polar bear (Lair:1)
  Grinder (D:6)
  7 blink frogs (Lair:3)
  Sigmund (D:6)
  3 wyverns
  Eustachio (D:4)
  9 yaks
  2 steam dragons (D:8)
  Edmund (D:5)
  8 water moccasins
  4 black bears
  An ice beast (D:7)
  A sky beast (D:8)
  An orc warrior (D:8)
  A centaur (D:7)
  An ogre (D:6)
  8 wolves
  A lemure (D:6)
  A phantom (D:5)
  Blork the orc (D:4)
  A kobold brigand (D:8)
  10 bullfrogs
  3 scorpions
  3 wights (D:6)
  A howler monkey (D:4)
  A jelly (D:5)
  A gnoll bouda (D:7)
  An orc priest (D:4)
  5 hounds
  4 iguanas
  2 sleepcaps
  5 orc wizards
  4 gnolls (D:7)
  8 adders
  A shadow imp (D:8)
  2 white imps
  An ufetubus (D:4)
  3 worms
  27 orcs
  6 ball pythons
  6 endoplasms
  5 giant cockroaches
  8 goblins
  4 hobgoblins
  6 jackals
  2 quokkas (D:1)
  9 bats
  5 kobolds
  6 rats
216 creatures vanquished.

Notes
Turn   | Place    | Note
-------+----------+-------------------------------------------
     0 | D:1      | qw the Gargoyle Hunter began the quest for the Orb.
     0 | D:1      | Reached XP level 1. HP: 12/12 MP: 1/1
     0 | D:1      | 0 ||| qw: Version: 0.3-a-83-gcd0e7d8
     0 | D:1      | 0 ||| qw: Game counter: 1515
     0 | D:1      | 0 ||| qw: Melee chars always use a shield: true
     0 | D:1      | 0 ||| qw: God list: Okawaru
     0 | D:1      | 0 ||| qw: Allow faded altars: false
     0 | D:1      | 0 ||| qw: Do Orc after clearing Dungeon:15 true
     0 | D:1      | 0 ||| qw: Do second Lair branch before Depths: true
     0 | D:1      | 0 ||| qw: Lair rune preference: random
     0 | D:1      | 0 ||| qw: Goals: Normal
     0 | D:1      | 0 ||| PLANNING D:1-11
   209 | D:1      | Reached XP level 2. HP: 17/17 MP: 2/2
   633 | D:1      | Reached XP level 3. HP: 21/21 MP: 3/3
   677 | D:1      | Reached skill level 5 in Ranged Weapons
   844 | D:1      | 844 ||| UPGRADING to +0 pair of boots.
   849 | D:1      | 849 ||| READING scroll labelled UTUURI OHOCZEA.
   850 | D:1      | 850 ||| READING scroll labelled FAINLE NOOD.
   851 | D:1      | 851 ||| DROPPING scroll of butterflies.
  1118 | D:2      | Reached skill level 3 in Fighting
  1314 | D:2      | 1314 ||| READING scroll labelled DOERIRCHOREMM.
  1315 | D:2      | 1315 ||| READING scroll labelled WIYNTO HUIKK.
  1316 | D:2      | 1316 ||| READING scroll labelled COLOVE USCHOM HUKEH.
  1338 | D:3      | Reached XP level 4. HP: 28/28 MP: 4/4
  1995 | D:3      | 1995 ||| UPGRADING to +0 ring mail.
  2005 | D:3      | 2005 ||| DROPPING +0 leather armour.
  2006 | D:3      | 2006 ||| UPGRADING to +0 pair of gloves.
  2011 | D:3      | 2011 ||| UPGRADING to +1 pair of gloves.
  2021 | D:3      | 2021 ||| DROPPING +0 pair of gloves.
  2022 | D:3      | 2022 ||| UPGRADING to amulet of regeneration.
  2027 | D:3      | 2027 ||| READING scroll labelled MIVIUM PISSAR.
  2028 | D:3      | 2028 ||| READING scroll labelled JOQYD WIEJO.
  2032 | D:3      | 2032 ||| DRINKING 2 black potions.
  2033 | D:3      | 2033 ||| READING 2 scrolls of identify.
  2033 | D:3      | 2033 ||| IDENTIFYING silvery potion
  2043 | D:4      | Noticed a black bear
  2052 | D:4      | Killed a black bear
  2053 | D:4      | Reached skill level 3 in Armour
  2053 | D:4      | Reached XP level 5. HP: 17/32 MP: 5/5
  2120 | D:4      | Reached skill level 6 in Ranged Weapons
  2120 | D:4      | Reached XP level 6. HP: 37/37 MP: 6/6
  2145 | D:4      | Found a staircase to the Ecumenical Temple.
  2146 | D:4      | 2146 ||| PLANNING TEMPLE
  2492 | D:4      | Noticed Blork the orc
  2504 | D:4      | HP: 9/37 [Blork the orc/+2 halberd of freezing (2)]
  2505 | D:4      | Killed Blork the orc
  2539 | D:4      | Found a broken altar of Ashenzari.
  2545 | D:4      | Noticed Eustachio
  2560 | D:4      | 2560 ||| Stepping ~*~*~tactically~*~*~ (retreating).
  2604 | D:4      | Killed Eustachio
  2605 | D:4      | Reached skill level 7 in Ranged Weapons
  2605 | D:4      | Reached XP level 7. HP: 28/43 MP: 7/7
  2831 | D:4      | 2831 ||| READING scroll labelled KOSSODIXEECW.
  2832 | D:4      | 2832 ||| READING scroll labelled OTUNOSHRACE.
  2851 | Temple   | Entered the Ecumenical Temple
  2852 | Temple   | 2852 ||| PLANNING OKAWARU WORSHIP
  2862 | Temple   | Became a worshipper of Warmaster Okawaru
  2863 | Temple   | 2863 ||| PLANNING D:1-11
  2950 | D:5      | Entered Level 5 of the Dungeon
  3126 | D:5      | Found a hazy altar of Hepliaklqana.
  3387 | D:5      | Noticed Edmund
  3388 | D:5      | 3388 ||| Stepping ~*~*~tactically~*~*~ (retreating).
  3395 | D:5      | Reached skill level 8 in Ranged Weapons
  3427 | D:5      | Killed Edmund
  3427 | D:5      | Reached * piety under Okawaru
  3428 | D:5      | Reached XP level 8. HP: 46/51 MP: 8/8
  3480 | D:5      | 3480 ||| DRINKING potion of curing.
  3480 | D:5      | 3480 ||| (to cure confusion)
  3573 | D:5      | Reached skill level 1 in Invocations
  3816 | D:5      | 3816 ||| UPGRADING to +0 cloak.
  3821 | D:5      | 3821 ||| READING 2 scrolls of identify.
  3821 | D:5      | 3821 ||| IDENTIFYING dark potion
  3822 | D:5      | 3822 ||| DROPPING potion of brilliance.
  3868 | D:6      | Noticed Pikel
  3869 | D:6      | 3869 ||| RETREEAATING.
  3871 | D:6      | 3871 ||| RETREEAATING.
  3874 | D:6      | 3874 ||| INVOKING Heroism.
  3886 | D:6      | Killed Pikel
  3921 | D:6      | 3921 ||| INVOKING Heroism.
  3931 | D:6      | Reached skill level 9 in Ranged Weapons
  3966 | D:6      | 3966 ||| INVOKING Heroism.
  3977 | D:6      | Reached skill level 6 in Fighting
  3977 | D:6      | Reached XP level 9. HP: 55/55 MP: 10/12
  4263 | D:6      | Noticed Sigmund
  4264 | D:6      | 4264 ||| INVOKING Heroism.
  4275 | D:6      | Killed Sigmund
  4328 | D:6      | Noticed Grinder
  4329 | D:6      | 4329 ||| INVOKING Heroism.
  4331 | D:6      | 4331 ||| Stepping ~*~*~tactically~*~*~ (retreating).
  4332 | D:6      | 4332 ||| Stepping ~*~*~tactically~*~*~ (retreating).
  4333 | D:6      | 4333 ||| Stepping ~*~*~tactically~*~*~ (retreating).
  4334 | D:6      | 4334 ||| Stepping ~*~*~tactically~*~*~ (retreating).
  4335 | D:6      | 4335 ||| Stepping ~*~*~tactically~*~*~ (retreating).
  4336 | D:6      | 4336 ||| Stepping ~*~*~tactically~*~*~ (retreating).
  4337 | D:6      | 4337 ||| Stepping ~*~*~tactically~*~*~ (retreating).
  4355 | D:6      | Paralysed by Grinder for 3 turns
  4361 | D:6      | 4361 ||| INVOKING Heroism.
  4362 | D:6      | Paralysed by Grinder for 3 turns
  4366 | D:6      | Killed Grinder
  4367 | D:6      | Reached skill level 10 in Ranged Weapons
  4400 | D:6      | Found a burning altar of Makhleb.
  4448 | D:6      | Found a radiant altar of Vehumet.
  4647 | D:6      | 4647 ||| UPGRADING to +0 helmet.
  4652 | D:6      | 4652 ||| DROPPING ring of magical power.
  4653 | D:6      | 4653 ||| READING scroll labelled UVYAPNIUPU.
  4654 | D:6      | 4654 ||| READING 3 scrolls of identify.
  4654 | D:6      | 4654 ||| IDENTIFYING lumpy pink potion
  4655 | D:6      | 4655 ||| READING 2 scrolls of identify.
  4655 | D:6      | 4655 ||| IDENTIFYING smoky inky potion
  4656 | D:6      | 4656 ||| DROPPING potion of invisibility.
  4694 | D:7      | Found a flagged portal.
  4776 | D:7      | 4776 ||| INVOKING Heroism.
  4838 | D:7      | Found an ornate altar of the Wu Jian Council.
  4910 | D:7      | Found a snail-covered altar of Cheibriados.
  4913 | D:7      | 4913 ||| INVOKING Heroism.
  5019 | D:7      | 5019 ||| SWAPPING to +0 orcbow.
  5020 | D:7      | 5020 ||| DROPPING +0 shortbow of freezing.
  5040 | D:7      | Noticed Maggie
  5041 | D:7      | 5041 ||| FLEEEEING.
  5042 | D:7      | 5042 ||| FLEEEEING.
  5065 | D:7      | 5065 ||| INVOKING Heroism.
  5065 | D:7      | HP: 6/57 [Maggie/bolt of fire (13)]
  5066 | D:7      | 5066 ||| READING scroll of teleportation.
  5069 | D:7      | Killed Maggie
  5278 | D:7      | Reached skill level 11 in Ranged Weapons
  5423 | D:7      | 5423 ||| UPGRADING to +0 swamp dragon scales.
  5433 | D:7      | 5433 ||| DROPPING +0 ring mail.
  5434 | D:7      | 5434 ||| DROPPING amulet of magic regeneration.
  5435 | D:7      | 5435 ||| READING 2 scrolls of identify.
  5435 | D:7      | 5435 ||| IDENTIFYING inky potion
  5436 | D:7      | 5436 ||| DROPPING potion of degeneration.
  5515 | D:8      | 5515 ||| FLEEEEING.
  5517 | D:8      | 5517 ||| FLEEEEING.
  5518 | D:8      | 5518 ||| FLEEEEING.
  5557 | D:8      | 5557 ||| INVOKING Heroism.
  5560 | D:8      | 5560 ||| RETREEAATING.
  5567 | D:8      | 5567 ||| STILL RETREEAATING.
  5586 | D:8      | Reached XP level 10. HP: 63/63 MP: 13/13
  5717 | D:8      | Reached skill level 3 in Dodging
  5966 | D:8      | 5966 ||| INVOKING Heroism.
  5994 | D:8      | Found The Oracle's Delphic Readings.
  5998 | D:8      | 5998 ||| BUYING scroll of enchant weapon (82 gold).
  5998 | D:8      | Bought a scroll of enchant weapon for 82 gold pieces
  5998 | D:8      | 5998 ||| BUYING scroll of identify (22 gold).
  5998 | D:8      | Bought a scroll of identify for 22 gold pieces
  5998 | D:8      | 5998 ||| READING scroll of enchant weapon.
  5998 | D:8      | 5998 ||| ENCHANTING +0 orcbow.
  6048 | D:8      | Found a staircase to the Lair.
  6240 | D:8      | 6240 ||| PLANNING LAIR
  6240 | D:8      | 6240 ||| READING 2 scrolls of identify.
  6240 | D:8      | 6240 ||| IDENTIFYING coppery potion
  6325 | Lair:1   | Entered Level 1 of the Lair of Beasts
  6363 | Lair:1   | Noticed a cane toad
  6364 | Lair:1   | 6364 ||| INVOKING Heroism.
  6369 | Lair:1   | Killed a cane toad
  6402 | Lair:1   | Reached ** piety under Okawaru
  6407 | Lair:1   | Noticed a faun
  6415 | Lair:1   | Killed a faun
  6537 | Lair:1   | 6537 ||| RETREEAATING.
  6538 | Lair:1   | 6538 ||| STILL RETREEAATING.
  6539 | Lair:1   | 6539 ||| Stepping ~*~*~tactically~*~*~ (retreating).
  6638 | Lair:1   | Reached skill level 12 in Ranged Weapons
  6721 | Lair:1   | Reached skill level 6 in Armour
  6752 | Lair:1   | Noticed a cane toad
  6753 | Lair:1   | 6753 ||| RETREEAATING.
  6754 | Lair:1   | 6754 ||| INVOKING Heroism.
  6756 | Lair:1   | 6756 ||| STILL RETREEAATING.
  6757 | Lair:1   | 6757 ||| STILL RETREEAATING.
  6758 | Lair:1   | 6758 ||| STILL RETREEAATING.
  6762 | Lair:1   | 6762 ||| Stepping ~*~*~tactically~*~*~ (retreating).
  6763 | Lair:1   | Killed a cane toad
  6794 | Lair:1   | Reached *** piety under Okawaru
  7035 | Lair:1   | 7035 ||| READING scroll labelled NAGUEQASERPH.
  7136 | Lair:1   | 7136 ||| READING 3 scrolls of identify.
  7136 | Lair:1   | 7136 ||| IDENTIFYING orange potion
  7137 | Lair:1   | 7137 ||| READING 2 scrolls of identify.
  7137 | Lair:1   | 7137 ||| IDENTIFYING fuming green potion
  7138 | Lair:1   | 7138 ||| DROPPING potion of lignification.
  7165 | Lair:2   | 7165 ||| STAIRDANCE
  7269 | Lair:2   | 7269 ||| INVOKING Heroism.
  7270 | Lair:2   | Noticed a cane toad
  7271 | Lair:2   | 7271 ||| STAIRDANCE
  7287 | Lair:2   | Noticed a black mamba
  7288 | Lair:2   | 7288 ||| STAIRDANCE
  7290 | Lair:1   | 7290 ||| INVOKING Heroism.
  7296 | Lair:1   | Killed a cane toad
  7297 | Lair:1   | Reached skill level 13 in Ranged Weapons
  7297 | Lair:1   | Reached XP level 11. HP: 38/68 MP: 11/14
  7326 | Lair:2   | 7326 ||| STAIRDANCE
  7328 | Lair:1   | 7328 ||| INVOKING Heroism.
  7346 | Lair:2   | 7346 ||| STAIRDANCE
  7361 | Lair:1   | Reached skill level 9 in Fighting
  7364 | Lair:2   | 7364 ||| STAIRDANCE
  7394 | Lair:2   | 7394 ||| Stepping ~*~*~tactically~*~*~ (retreating).
  7395 | Lair:2   | 7395 ||| Stepping ~*~*~tactically~*~*~ (retreating).
  7396 | Lair:2   | 7396 ||| Stepping ~*~*~tactically~*~*~ (retreating).
  7406 | Lair:2   | 7406 ||| Stepping ~*~*~tactically~*~*~ (retreating).
  7407 | Lair:2   | 7407 ||| Stepping ~*~*~tactically~*~*~ (retreating).
  7408 | Lair:2   | 7408 ||| Stepping ~*~*~tactically~*~*~ (retreating).
  7409 | Lair:2   | 7409 ||| Stepping ~*~*~tactically~*~*~ (retreating).
  7410 | Lair:2   | 7410 ||| Stepping ~*~*~tactically~*~*~ (retreating).
  7411 | Lair:2   | 7411 ||| Stepping ~*~*~tactically~*~*~ (retreating).
  7412 | Lair:2   | 7412 ||| Stepping ~*~*~tactically~*~*~ (retreating).
  7449 | Lair:2   | 7449 ||| Stepping ~*~*~tactically~*~*~ (retreating).
  7470 | Lair:2   | Reached **** piety under Okawaru
  7474 | Lair:2   | 7474 ||| INVOKING Heroism.
  7562 | Lair:2   | 7562 ||| RETREEAATING.
  7564 | Lair:2   | 7564 ||| STILL RETREEAATING.
  7565 | Lair:2   | 7565 ||| STILL RETREEAATING.
  7566 | Lair:2   | 7566 ||| STILL RETREEAATING.
  7567 | Lair:2   | 7567 ||| STILL RETREEAATING.
  7569 | Lair:2   | 7569 ||| STILL RETREEAATING.
  7572 | Lair:2   | 7572 ||| STILL RETREEAATING.
  7577 | Lair:2   | 7577 ||| Stepping ~*~*~tactically~*~*~ (retreating).
  7612 | Lair:2   | 7612 ||| INVOKING Heroism.
  7669 | Lair:2   | 7669 ||| INVOKING Heroism.
  7782 | Lair:2   | 7782 ||| Stepping ~*~*~tactically~*~*~ (retreating).
  7787 | Lair:2   | Reached skill level 14 in Ranged Weapons
  7788 | Lair:2   | 7788 ||| Stepping ~*~*~tactically~*~*~ (retreating).
  7789 | Lair:2   | 7789 ||| Stepping ~*~*~tactically~*~*~ (retreating).
  7790 | Lair:2   | 7790 ||| Stepping ~*~*~tactically~*~*~ (retreating).
  7791 | Lair:2   | 7791 ||| Stepping ~*~*~tactically~*~*~ (retreating).
  7792 | Lair:2   | 7792 ||| Stepping ~*~*~tactically~*~*~ (retreating).
  7793 | Lair:2   | 7793 ||| Stepping ~*~*~tactically~*~*~ (retreating).
  7794 | Lair:2   | 7794 ||| Stepping ~*~*~tactically~*~*~ (retreating).
  7795 | Lair:2   | 7795 ||| Stepping ~*~*~tactically~*~*~ (retreating).
  7796 | Lair:2   | 7796 ||| Stepping ~*~*~tactically~*~*~ (retreating).
  7797 | Lair:2   | 7797 ||| INVOKING Heroism.
  7813 | Lair:2   | HP: 15/71 [elephant (7)]
  7814 | Lair:2   | 7814 ||| READING scroll of teleportation.
  7814 | Lair:2   | HP: 1/71 [elephant (9)]
  7815 | Lair:2   | 7815 ||| DRINKING potion of heal wounds.
  7832 | Lair:2   | 7832 ||| FLEEEEING.
  7833 | Lair:2   | 7833 ||| STAIRDANCE
  7860 | Lair:2   | Reached skill level 6 in Invocations
  7883 | Lair:2   | 7883 ||| FLEEEEING.
  7884 | Lair:2   | 7884 ||| FLEEEEING.
  7889 | Lair:2   | 7889 ||| FLEEEEING.
  7890 | Lair:2   | 7890 ||| FLEEEEING.
  7892 | Lair:2   | 7892 ||| FLEEEEING.
  7893 | Lair:2   | 7893 ||| FLEEEEING.
  7894 | Lair:2   | 7894 ||| FLEEEEING.
  7895 | Lair:2   | 7895 ||| FLEEEEING.
  7896 | Lair:2   | 7896 ||| FLEEEEING.
  7897 | Lair:2   | 7897 ||| FLEEEEING.
  7898 | Lair:2   | 7898 ||| FLEEEEING.
  7899 | Lair:2   | 7899 ||| FLEEEEING.
  7900 | Lair:2   | 7900 ||| FLEEEEING.
  7901 | Lair:2   | 7901 ||| INVOKING Heroism.
  8005 | Lair:2   | 8005 ||| RETREEAATING.
  8007 | Lair:2   | 8007 ||| RETREEAATING.
  8009 | Lair:2   | 8009 ||| Stepping ~*~*~tactically~*~*~ (retreating).
  8010 | Lair:2   | 8010 ||| Stepping ~*~*~tactically~*~*~ (retreating).
  8011 | Lair:2   | 8011 ||| Stepping ~*~*~tactically~*~*~ (retreating).
  8012 | Lair:2   | 8012 ||| Stepping ~*~*~tactically~*~*~ (retreating).
  8013 | Lair:2   | 8013 ||| Stepping ~*~*~tactically~*~*~ (retreating).
  8014 | Lair:2   | 8014 ||| Stepping ~*~*~tactically~*~*~ (retreating).
  8015 | Lair:2   | 8015 ||| Stepping ~*~*~tactically~*~*~ (retreating).
  8016 | Lair:2   | 8016 ||| Stepping ~*~*~tactically~*~*~ (retreating).
  8017 | Lair:2   | 8017 ||| Stepping ~*~*~tactically~*~*~ (retreating).
  8018 | Lair:2   | 8018 ||| Stepping ~*~*~tactically~*~*~ (retreating).
  8019 | Lair:2   | 8019 ||| Stepping ~*~*~tactically~*~*~ (retreating).
  8020 | Lair:2   | 8020 ||| Stepping ~*~*~tactically~*~*~ (retreating).
  8021 | Lair:2   | 8021 ||| Stepping ~*~*~tactically~*~*~ (retreating).
  8095 | Lair:2   | Found a hole to the Spider Nest.
  8144 | Lair:2   | Reached ***** piety under Okawaru
  8146 | Lair:2   | 8146 ||| INVOKING Heroism.
  8167 | Lair:2   | Reached XP level 12. HP: 44/76 MP: 15/17
  8453 | Lair:2   | 8453 ||| INVOKING Heroism.
  8596 | Lair:3   | 8596 ||| INVOKING Heroism.
  8597 | Lair:3   | 8597 ||| STAIRDANCE
  8611 | Lair:3   | 8611 ||| STAIRDANCE
  8613 | Lair:2   | 8613 ||| INVOKING Heroism.
  8656 | Lair:3   | 8656 ||| INVOKING Heroism.
  8657 | Lair:3   | 8657 ||| RETREEAATING.
  8709 | Lair:3   | 8709 ||| INVOKING Heroism.
  8723 | Lair:3   | 8723 ||| Stepping ~*~*~tactically~*~*~ (retreating).
  8724 | Lair:3   | 8724 ||| Stepping ~*~*~tactically~*~*~ (retreating).
  8725 | Lair:3   | 8725 ||| Stepping ~*~*~tactically~*~*~ (retreating).
  8726 | Lair:3   | 8726 ||| Stepping ~*~*~tactically~*~*~ (retreating).
  8727 | Lair:3   | 8727 ||| Stepping ~*~*~tactically~*~*~ (retreating).
  8732 | Lair:3   | 8732 ||| Stepping ~*~*~tactically~*~*~ (retreating).
  8737 | Lair:3   | 8737 ||| Stepping ~*~*~tactically~*~*~ (retreating).
  8738 | Lair:3   | 8738 ||| Stepping ~*~*~tactically~*~*~ (retreating).
  8741 | Lair:3   | 8741 ||| RETREEAATING.
  8754 | Lair:3   | 8754 ||| STILL RETREEAATING.
  8759 | Lair:3   | 8759 ||| Stepping ~*~*~tactically~*~*~ (retreating).
  8760 | Lair:3   | 8760 ||| Stepping ~*~*~tactically~*~*~ (retreating).
  8761 | Lair:3   | 8761 ||| Stepping ~*~*~tactically~*~*~ (retreating).
  8762 | Lair:3   | 8762 ||| Stepping ~*~*~tactically~*~*~ (retreating).
  8762 | Lair:3   | HP: 7/77 [merfolk/+2 trident of freezing (19)]
  8763 | Lair:3   | 8763 ||| READING scroll of teleportation.
  8763 | Lair:3   | Slain by a merfolk

Levels and vault maps discovered:
D:1:      dpeg_arrival_water_fire, layout_loops_ring, minmay_misc_feat_diagonals
D:2:      layout_rooms, minmay_misc_feat_pillars
D:3:      layout_loops_ring
D:4:      layout_cave_pods, old_standard_altar, temple_pool_b,
          minmay_misc_feat_columns, uniq_blork_the_orc, uniq_eustachio
D:5:      layout_loops_ring, worldfamousw_hep_ancestral_shrine, st_stairs_10,
          grunt_ministairs_8, uniq_edmund
D:6:      layout_basic, vehumet_altar_wand_db,
          mainiacjoe_overflow_cross_hatched, uniq_sigmund, uniq_grinder,
          uniq_pikel
D:7:      layout_loops_ring, general_overflow_altar, old_standard_altar,
          enter_bailey_2, serial_bayou_pond_e, uniq_maggie
D:8:      layout_basic, dpeg_oklobed_lair, grunt_ministairs_9,
          nicolae_nh_oracle_at_delphi
Temple:   cyrus_circular_temple
Lair:1:   layout_chaotic_city, grunt_forest_large_clearings, grunt_megastairs_4,
          lemuel_fruit_fields, serial_bayou_shore_b
Lair:2:   layout_regular_city, spider_nest_entry_web_field
Lair:3:   layout_regular_city, elwin_shoals_entry_stream

Skill      XL: |  1  2  3  4  5  6  7  8  9 10 11 12 |
---------------+-------------------------------------+-----
Ranged Weapons | 5 6 7 8 9 11 13 14 | 14.2
Fighting       | 3 4 5 6 7 8 9 10 | 10.0
Armour         | 3 5 6 7 |  7.0
Dodging        | 2 3 4 |  4.2
Invocations    | 4 7 8 |  8.2
Stealth        | |  1.1

Action                     |  1- 3 |  4- 6 |  7- 9 | 10-12 || total
---------------------------+-------+-------+-------+-------++-------
   Fire: Shortbow          |   114 |   216 |   286 |       ||   616
         Orcbow            |       |       |    75 |   638 ||   713
 Invoke: Heroism           |       |       |    10 |    17 ||    27
    Use: Scroll            |     5 |     3 |     8 |     7 ||    23
         Potion            |       |     1 |     1 |     1 ||     3
 Armour: Leather armour    |    29 |    16 |       |       ||    45
         Ring mail         |       |   137 |   163 |       ||   300
         Swamp dragon scal |       |       |    13 |   499 ||   512
  Dodge: Dodged            |    45 |   107 |   102 |   346 ||   600

Table legend:
 A = Non-vault XP
 B = Vault XP
 C = Vault XP percentage of total XP
 D = Non-vault monster count
 E = Vault monster count
 F = Vault count percentage of total count
                 A         B        C        D         E       F
            +---------+---------+-------+---------+---------+-------
      Total |   18728 |    3378 |  15.3 |     194 |      21 |   9.8
            +---------+---------+-------+---------+---------+-------
        D:1 |      44 |       0 |   0.0 |      27 |       0 |   0.0
        D:2 |      28 |       0 |   0.0 |       8 |       0 |   0.0
        D:3 |      85 |       0 |   0.0 |      22 |       0 |   0.0
        D:4 |     294 |     302 |  50.7 |      23 |       2 |   8.0
        D:5 |     364 |     364 |  50.0 |      14 |       7 |  33.3
        D:6 |     619 |    1138 |  64.8 |       8 |       4 |  33.3
        D:7 |     562 |     434 |  43.6 |      14 |       1 |   6.7
        D:8 |     828 |     289 |  25.9 |      15 |       4 |  21.1
     Lair:1 |    4858 |     851 |  14.9 |      22 |       3 |  12.0
     Lair:2 |    8606 |       0 |   0.0 |      31 |       0 |   0.0
     Lair:3 |    2440 |       0 |   0.0 |      10 |       0 |   0.0
            +---------+---------+-------+---------+---------+-------
